 Dungeon Crawl Stone Soup version 0.30.1-4-g462c640d31 (webtiles) character file.

Game seed: 2783127042616197694

432 rvierbuc the Slicer (level 7, -7/56 HPs)
             Began as a Gnoll Wanderer on Aug 21, 2023.
             Killed from afar by a steam dragon (16 damage)
             ... with a ball of steam
             ... on level 4 of the Dungeon.
             The game lasted 00:19:06 (3562 turns).

rvierbuc the Slicer (Gnoll Wanderer)                Turns: 3562, Time: 00:19:07

Health: -7/56      AC:  5    Str: 17    XL:     7   Next: 0%
Magic:  10/10      EV: 13    Int:  9    God:
Gold:   153        SH:  0    Dex: 20    Spells: 7/10 levels left

rFire   . . .        F - +5 spear of Tender Mercy {freeze, Will+ rCorr Str+2 Int+2}
rCold   . . .        (no shield)
rNeg    + . .        n - +1 robe {rN+}
rPois   +            (no helmet)
rElec   .            c - +0 cloak
rCorr   +            L - +0 pair of gloves
SInv    .            (no boots)
Will    +....        (no amulet)
Stlth   +++          h - ring of poison resistance
HPRegen 0.29/turn    J - +6 ring of strength
MPRegen 0.12/turn

%: no passive effects
@: hasted, very quick
A: fangs 1, strong nose, distributed training
a: no special abilities


You were on level 4 of the Dungeon.
You visited 1 branch of the dungeon, and saw 4 of its levels.

You collected 153 gold pieces.

Inventory:

Hand Weapons
 a - a +2 short sword
 b - a +0 falchion
 i - a +2 falchion of electrocution
 B - a +0 battleaxe
 F - the +5 spear of Tender Mercy (weapon) {freeze, Will+ rCorr Str+2 Int+2}
   (You found it on level 4 of the Dungeon)

   Str:       It affects your strength (+2).
   Int:       It affects your intelligence (+2).
   rCorr:     It protects you from acid and corrosion.
   Will:      It increases your willpower.
 I - a +2 dagger of protection
Missiles
 r - 5 javelins (quivered)
 z - 2 curare-tipped darts
 E - 2 poisoned darts
Armour
 c - a +0 cloak (worn)
 e - a +0 leather armour
 n - a +1 robe of positive energy (worn)
 L - a +0 pair of gloves (worn)
Jewellery
 h - a ring of poison resistance (left hand)
 G - an amulet of faith
 J - a +6 ring of strength (right hand)
Wands
 K - a wand of mindburst (9)
 M - a wand of iceblast (5)
Scrolls
 j - 4 scrolls of fear {unknown}
 m - a scroll of torment {unknown}
 o - a scroll of identify {unknown}
 p - a scroll of noise {unknown}
 q - a scroll of enchant weapon {unknown}
 t - a scroll of immolation {unknown}
 w - 2 scrolls of vulnerability {unknown}
 x - a scroll of teleportation {unknown}
 y - a scroll of acquirement {unknown}
 D - 3 scrolls of magic mapping {unknown}
Potions
 f - a potion of curing {unknown}
 g - 2 potions of mutation {unknown}
 k - a potion of resistance {unknown}
 l - a potion of magic {unknown}
 s - 2 potions of berserk rage {unknown}
 u - 2 potions of cancellation {unknown}
 v - a potion of flight {unknown}
 A - a potion of attraction {unknown}
 C - 3 potions of heal wounds {unknown}
 H - a potion of invisibility {unknown}


   Skills:
 + Level 5.1 Fighting
 + Level 8.8 Short Blades
 + Level 3.4 Long Blades
 + Level 2.2 Axes
 + Level 2.2 Maces & Flails
 + Level 2.2 Polearms
 + Level 2.2 Staves
 + Level 2.2 Ranged Weapons
 + Level 2.2 Throwing
 + Level 3.4 Armour
 + Level 2.2 Dodging
 + Level 4.8 Stealth
 + Level 2.2 Shields
 + Level 2.2 Unarmed Combat
 + Level 2.2 Spellcasting
 + Level 1.8 Conjurations
 + Level 1.8 Hexes
 + Level 1.8 Summonings
 + Level 1.8 Necromancy
 + Level 1.8 Translocations
 + Level 1.8 Transmutations
 + Level 1.8 Fire Magic
 + Level 1.8 Ice Magic
 + Level 1.8 Air Magic
 + Level 1.8 Earth Magic
 + Level 1.8 Poison Magic
 + Level 2.5 Invocations
 + Level 2.2 Evocations


You had 7 spell levels left.
You knew the following spells:

 Your Spells              Type           Power      Damage    Failure   Level
a - Ensorcelled Hibernat  Hex/Ice        8%         N/A       22%         2
b - Magic Dart            Conj           16%        1d3       16%         1

Your spell library contained the following spells:

 Spells                   Type           Power      Damage    Failure   Level
 Apportation              Tloc           8%         N/A       16%         1
 Kiss of Death            Conj/Necr      16%        2d6       16%         1
 Sting                    Tmut/Pois      16%        1d3       16%         1
 Passwall                 Tmut/Erth      3%         N/A       22%         2
 Searing Ray              Conj           8%         2d4       22%         2
 Swiftness                Air            4%         N/A       41%         3
 Cause Fear               Hex            2%         N/A       83%         4
 Fulminant Prism          Conj/Hex       2%         3d5       83%         4
 Dragon Form              Tmut           2%         N/A       100%        7
 Dragon's Call            Summ           2%         N/A       100%        9


Dungeon Overview and Level Annotations

Branches:
Dungeon (4/15)             Temple (0/1) D:4

Altars:

Annotations:
D:1 1 transporter


Innate Abilities, Weirdness & Mutations

You have very sharp teeth.
Your uncanny sense of smell can sniff out nearby items.
Your experience applies equally to all skills.


Message History

Aim: a steam dragon (wandering, hasn't noticed you, 100% to hit)
The magic dart hits the steam dragon but does no damage.
The steam dragon hisses angrily.
Casting: Magic Dart (safe; 16% risk of failure)
Confirm with . or Enter, or press ? or * to list all spells.
Aiming: Magic Dart (safe; 16% risk of failure)
Press: ? - help, Shift-Dir - straight line, f/p - steam dragon
Aim: a steam dragon (100% to hit)
The magic dart hits the steam dragon but does no damage.
The steam dragon breathes steam at you. The ball of steam hits you!
You are engulfed in a cloud of scalding steam.
You hit the steam dragon but do no damage.
The steam dragon bites you!
The steam dragon claws you but does no damage.
You hit the steam dragon. You freeze the steam dragon.
The steam dragon is moderately wounded.
The steam dragon breathes steam at you. The ball of steam hits you!
* * * LOW HITPOINT WARNING * * *
You puncture the steam dragon! You freeze the steam dragon.
The steam dragon is heavily wounded.
You are engulfed in a cloud of scalding steam.
* * * LOW HITPOINT WARNING * * *
The steam dragon completely misses you. The steam dragon closely misses you.
Casting: Magic Dart (safe; 16% risk of failure)
Confirm with . or Enter, or press ? or * to list all spells.
Okay, then.
Okay, then.
The steam dragon attacks as you move away!
The steam dragon barely misses you. The steam dragon claws you.
* * * LOW HITPOINT WARNING * * *
You feel yourself speed up. The steam dragon closely misses you.
The steam dragon claws you.
* * * LOW HITPOINT WARNING * * *
The steam dragon breathes steam at you. The ball of steam misses you.
The steam dragon breathes steam at you. The ball of steam hits you!
You die...

#......## ###..# ###....
##......# ##....### ##...
#......## ##..D....# ##..
#<....## ##..§.....# ### #.....#
##..§......# ##...##
#.........## #...# #..§.....##
#..###### #.§......#
##.......######@......##
#.....##...........)...#######
##.##############............###
### ##..............
#.............. #..###.....####
##.# #.....# #.# #....## ##.
#....#


There were no monsters in sight!

Vanquished Creatures
  Eustachio (D:3)
  A scorpion (D:4)
  A hound (D:4)
  Jessica (D:2)
  Ijyb (D:4)
  8 adders
  A worm (D:2)
  9 ball pythons
  6 endoplasms
  4 giant cockroaches
  6 hobgoblins
  8 quokkas
  10 bats
  4 frilled lizards
  9 goblins
  4 kobolds
  5 rats
79 creatures vanquished.

Notes
Turn   | Place    | Note
-------+----------+-------------------------------------------
     0 | D:1      | rvierbuc the Gnoll Wanderer began the quest for the Orb.
     0 | D:1      | rvierbuc set off with the following items: a +2 short
                  | sword, a +0 falchion, a +0 cloak, a potion of haste, a +0
                  | leather armour.
     0 | D:1      | Reached XP level 1. HP: 20/20 MP: 1/1
   223 | D:1      | Reached XP level 2. HP: 25/26 MP: 2/2
   734 | D:2      | Reached XP level 3. HP: 31/31 MP: 3/3
   866 | D:2      | Noticed Jessica
   876 | D:2      | Killed Jessica
   877 | D:2      | Reached skill level 1 in Axes
   877 | D:2      | Reached skill level 1 in Maces & Flails
   877 | D:2      | Reached skill level 1 in Polearms
   877 | D:2      | Reached skill level 1 in Staves
   877 | D:2      | Reached skill level 1 in Ranged Weapons
   877 | D:2      | Reached skill level 1 in Throwing
   877 | D:2      | Reached skill level 1 in Dodging
   877 | D:2      | Reached skill level 1 in Shields
   877 | D:2      | Reached skill level 1 in Unarmed Combat
   877 | D:2      | Reached skill level 1 in Spellcasting
   877 | D:2      | Reached skill level 1 in Invocations
   877 | D:2      | Reached skill level 1 in Evocations
   882 | D:2      | Reached XP level 4. HP: 38/38 MP: 3/5
   899 | D:2      | Learned a level 2 spell: Ensorcelled Hibernation
  1479 | D:2      | Reached skill level 1 in Conjurations
  1479 | D:2      | Reached skill level 1 in Hexes
  1479 | D:2      | Reached skill level 1 in Summonings
  1479 | D:2      | Reached skill level 1 in Necromancy
  1479 | D:2      | Reached skill level 1 in Translocations
  1479 | D:2      | Reached skill level 1 in Transmutations
  1479 | D:2      | Reached skill level 1 in Fire Magic
  1479 | D:2      | Reached skill level 1 in Ice Magic
  1479 | D:2      | Reached skill level 1 in Air Magic
  1479 | D:2      | Reached skill level 1 in Earth Magic
  1479 | D:2      | Reached skill level 1 in Poison Magic
  1658 | D:2      | Found a faded altar of an unknown god.
  2177 | D:3      | Got Practicing Witchcraft
  2203 | D:3      | Reached XP level 5. HP: 43/43 MP: 7/7
  2780 | D:4      | Learned a level 1 spell: Magic Dart
  2813 | D:4      | Noticed Eustachio
  3027 | D:3      | Killed Eustachio
  3028 | D:3      | Reached skill level 5 in Fighting
  3028 | D:3      | Reached XP level 6. HP: 18/51 MP: 0/9
  3181 | D:4      | Identified the +5 spear of Tender Mercy {freeze, Will+
                  | rCorr Str+2 Int+2}
  3186 | D:4      | Noticed a steam dragon
  3327 | D:4      | Noticed Ijyb
  3338 | D:4      | Killed Ijyb
  3390 | D:4      | Found a staircase to the Ecumenical Temple.
  3521 | D:4      | Reached XP level 7. HP: 54/56 MP: 10/10
  3562 | D:4      | Killed from afar by a steam dragon

Illustrated notes

Levels and vault maps discovered:
D:1:      spicycebolla_arrival_risky_transporter, layout_basic
D:2:      layout_basic, shapermc_ecumenical_altar_petra, serial_curves,
          eino_curves_04, eino_curves_01, uniq_jessica
D:3:      layout_loops_corners, minmay_misc_feat_x, palyth_stone_intersect,
          grunt_ministairs_5
D:4:      layout_cave_pods, minmay_temple_entry_mini_moons,
          nicolae_underground_beach, uniq_eustachio, uniq_ijyb

Skill      XL: |  1  2  3  4  5 |
---------------+----------------+-----
Axes           | 1 2 |  2.2
Maces & Flails | 1 2 |  2.2
Polearms       | 1 2 |  2.2
Staves         | 1 2 |  2.2
Ranged Weapons | 1 2 |  2.2
Throwing       | 1 2 |  2.2
Dodging        | 1 2 |  2.2
Shields        | 1 2 |  2.2
Unarmed Combat | 1 2 |  2.2
Spellcasting   | 1 2 |  2.2
Invocations    | 1 2 |  2.5
Evocations     | 1 2 |  2.2
Conjurations   | 1 |  1.8
Hexes          | 1 |  1.8
Summonings     | 1 |  1.8
Necromancy     | 1 |  1.8
Translocations | 1 |  1.8
Transmutations | 1 |  1.8
Fire Magic     | 1 |  1.8
Ice Magic      | 1 |  1.8
Air Magic      | 1 |  1.8
Earth Magic    | 1 |  1.8
Poison Magic   | 1 |  1.8
Long Blades    | 3 |  3.4
Armour         | 3 |  3.4
Fighting       | 5 |  5.1
Short Blades   | |  8.8
Stealth        | |  4.8

Action                     |  1- 3 |  4- 6 |  7- 9 || total
---------------------------+-------+-------+-------++-------
  Melee: Short sword       |    50 |   132 |       ||   182
         Bite              |     3 |    17 |       ||    20
         Punch             |       |     1 |       ||     1
         Spear             |       |    27 |     4 ||    31
  Throw: Javelin           |       |    11 |       ||    11
         Dart              |       |     5 |       ||     5
   Cast: Magic Dart        |       |     9 |     2 ||    11
    Use: Potion            |       |       |     1 ||     1
   Stab: Sleeping          |     8 |    15 |     1 ||    24
 Armour: Leather armour    |     8 |       |       ||     8
         Robe              |       |    27 |     1 ||    28
  Dodge: Dodged            |    23 |    84 |     5 ||   112
